 Dungeon Crawl Stone Soup version 0.18-b1-10-g3f7de93 (webtiles) character file.

4078 rezek the Carver (level 10, -3/74 HPs)
             Began as an Octopode Fighter on Apr 29, 2016.
             Was a Priest of Pakellas.
             Slain by a wyvern zombie (16 damage)
             ... on level 9 of the Dungeon on Apr 30, 2016.
             The game lasted 04:34:02 (8089 turns).

rezek the Carver (Octopode Fighter)                 Turns: 8089, Time: 04:34:04

Health: -3/74      AC: -2    Str: 17    XL:     10   Next: 25%
Magic:  14/14      EV: 11    Int: 10    God:    Pakellas [***...]
Gold:   423        SH: 10    Dex: 14    Spells: 0 memorised, 9 levels left

rFire  . . .     SeeInvis .     y - +1 scimitar
rCold  + . .     Gourm    .     b - +1 shield
rNeg   . . .     Faith    .     (helmet restricted)
rPois  .         Spirit   .     G - amulet of rage
rElec  .         Dismiss  .     r - ring of protection from cold
rCorr  .         Reflect  .     m - -3 ring of protection (curse)
SustAt .         Harm     .     (no ring)
MR     .....     Rnd*Rage +     (no ring)
Stlth  ++++......               (no ring)
                                (no ring)
                                (no ring)
                                (no ring)

@: not resistant to hostile enchantments, stealthy
A: almost no armour, amphibious, 8 rings, constrict 8, tentacle spike 1,
camouflage 1, berserk 1, blink, gelatinous body 1, MP-powered wands
a: Blink, Quick Charge, Device Surge, Renounce Religion, Evoke Berserk Rage


You were on level 9 of the Dungeon.
You worshipped Pakellas.
Pakellas was most pleased with you.
You were not hungry.

You visited 1 branch of the dungeon, and saw 9 of its levels.

You collected 423 gold pieces.

Inventory:

Hand Weapons
 a - a +0 long sword
 y - a +1 scimitar (weapon)
Missiles
 i - 216 stones (quivered)
 l - 27 poisoned needles
 s - a throwing net
 A - 9 tomahawks
 D - 5 javelins
Armour
 b - a +1 shield (worn)
Jewellery
 c - an uncursed amulet of dismissal
 m - a cursed -3 ring of protection (right tentacle)
 r - a ring of protection from cold (left tentacle)
 G - an amulet of rage (around mantle)
 M - an uncursed amulet of harm
Wands
 q - a wand of hasting (7/9)
 w - a wand of random effects (30/48)
 E - a wand of disintegration (24/24)
 H - a wand of enslavement (16/24)
Scrolls
 e - 2 scrolls of enchant armour
 g - 9 scrolls of identify
 j - 2 scrolls of blinking
 p - a scroll of fog
 u - a scroll of fear
 v - 3 scrolls of recharging
 L - 2 scrolls of teleportation
 N - a scroll of magic mapping
Potions
 f - a potion of haste
 h - 5 potions of curing
 t - a potion of lignification
 x - 2 potions of ambrosia
 B - a potion of agility
Books
 n - a Fen Folio

   Spells                             Type                      Level
   a - Corpse Rot                     Necromancy                   2
   b - Stone Arrow                    Conjuration/Earth            3
   c - Leda's Liquefaction            Hexes/Earth                  4
   d - Summon Forest                  Summoning/Translocation      5
   e - Hydra Form                     Transmutation                6
   f - Summon Hydra                   Summoning                    7
Comestibles
 d - 3 bread rations
 k - 4 beef jerkies
 o - 5 meat rations
 z - a royal jelly
 J - 7 slices of pizza
 K - 38 fruits


   Skills:
 * Level 9.0 Fighting
 + Level 9.1 Long Blades
 + Level 2.1 Throwing
 - Level 3.0 Dodging
 + Level 4.1 Stealth
 + Level 4.8 Shields
 * Level 6.1 Evocations


You had 9 spell levels left.
You didn't know any spells.

Dungeon Overview and Level Annotations

Branches:
Dungeon (9/15)             Temple (0/1) D:7
   Lair: D:8-11         Orc: D:9-12

Altars:
Ashenzari
Cheibriados
Dithmenos
Elyvilon
Gozag
Kikubaaqudgha
Makhleb
Pakellas
Ru
Sif Muna
Trog
Xom
Yredelemnul
Zin


Innate Abilities, Weirdness & Mutations

You cannot wear most types of armour.
You are amphibious.
You can wear up to eight rings at the same time.
You can use your tentacles to constrict eight enemies at once.
Your skin changes colour to match your surroundings (Stealth).
Your rubbery body absorbs attacks (AC +1).
One of your tentacles bears a spike.
You tend to lose your temper in combat.
You can translocate small distances at will.
You expend magic power (3 MP) to strengthen your wands.


Message History

The hippogriff claws you.
You hit the hippogriff.
You pierce the hippogriff, but do no damage.
You squeeze the hippogriff.
The hippogriff is almost dead.
The hippogriff bites you. The hippogriff closely misses you.
You block the hippogriff's attack.
You slash the hippogriff!
You kill the hippogriff!
Pakellas accepts your kill.
Pakellas collects the excess magic power.
Your Fighting skill increases to level 9!
Your Stealth skill increases to level 4!
You barely miss the wyvern zombie.
Your tentacle spike misses the wyvern zombie.
The wyvern zombie bites you!
* * * LOW HITPOINT WARNING * * *
The wyvern zombie bites you!
You die...
Pakellas says: Good help is so hard to find these days!

.....'.)......# ##.......
.....########.# #........
###### #.# #..#####. #<#
#.# #..#...#. #.# #.#
#._#A..#_ #.###########.#
#..#...#. #.............#
#..#####.
###################........
................@Z.....?...
###################.....###
#######


You could see a wyvern zombie.

Vanquished Creatures
  Psyche (D:9)
  Grinder (D:3)
  Sigmund (D:5)
  2 yaks (D:8)
  2 hippogriffs
  The ghost of rezek the Skirmisher, an amateur OpFi (D:4)
  A black bear (D:8)
  A phantom (D:8)
  3 ogres
  2 centaurs
  3 big kobolds
  A crocodile (D:8)
  A giant frog (D:6)
  4 scorpions
  4 wights (D:3)
  An orc priest (D:4)
  3 centaur skeletons
  3 hounds
  5 jellies
  6 orc wizards
  A giant frog skeleton (D:7)
  2 iguanas
  5 worker ants
  2 sheep (D:8)
  3 gnolls (D:2)
  10 adders
  A shadow imp (D:7)
  2 oozes
  6 worms
  2 dart slugs
  5 giant geckos
  15 orcs
  A ball python (D:2)
  2 giant cockroaches
  8 goblins
  9 hobgoblins
  8 jackals
  A quokka (D:7)
  9 bats
  A giant gecko skeleton (D:8)
  3 giant newts
  10 kobolds
  A quokka skeleton (D:5)
  6 rats
159 creatures vanquished.

Vanquished Creatures (collateral kills)
  A hydra (D:8)
  A big kobold (D:8)
2 creatures vanquished.

Vanquished Creatures (others)
  A hungry ghost (D:3)
1 creature vanquished.

Grand Total: 162 creatures vanquished

Notes
Turn   | Place    | Note
--------------------------------------------------------------
     0 | D:1      | rezek the Octopode Fighter began the quest for the Orb.
     0 | D:1      | Reached XP level 1. HP: 16/16 MP: 1/1
   122 | D:1      | Reached XP level 2. HP: 16/21 MP: 2/2
   588 | D:1      | Reached XP level 3. HP: 25/26 MP: 3/3
  1196 | D:2      | Reached XP level 4. HP: 24/33 MP: 4/4
  1802 | D:3      | Noticed Grinder
  1860 | D:3      | Found an oddly glowing altar of Pakellas.
  1861 | D:3      | Noticed a hungry ghost
  1864 | D:3      | Became a worshipper of Pakellas the Inventive
  1876 | D:3      | Killed a hungry ghost
  2060 | D:3      | Reached XP level 5. HP: 33/38 MP: 5/5
  2386 | D:3      | Reached skill level 1 in Evocations
  2386 | D:3      | Reached XP level 6. HP: 44/44 MP: 6/6
  2397 | D:3      | Reached * piety under Pakellas
  2397 | D:3      | Received a gift from Pakellas
  2402 | D:3      | Reached skill level 5 in Long Blades
  2639 | D:3      | Found an ancient bone altar of Kikubaaqudgha.
  2640 | D:3      | Found a burning altar of Makhleb.
  2705 | D:3      | Killed Grinder
  2705 | D:3      | Reached skill level 5 in Fighting
  2705 | D:3      | Reached XP level 7. HP: 34/50 MP: 6/8
  3000 | D:4      | Noticed rezek's ghost (amateur OpFi)
  3595 | D:4      | Killed rezek's ghost
  3595 | D:4      | Reached XP level 8. HP: 57/57 MP: 10/10
  3684 | D:5      | Entered Level 5 of the Dungeon
  3825 | D:5      | Noticed Sigmund
  3830 | D:5      | Killed Sigmund
  3844 | D:5      | Reached ** piety under Pakellas
  3844 | D:5      | Received a gift from Pakellas
  4385 | D:5      | Found a deep blue altar of Sif Muna.
  4783 | D:6      | Found a bloodstained altar of Trog.
  4785 | D:6      | Found a shattered altar of Ashenzari.
  4785 | D:6      | Found a snail-covered altar of Cheibriados.
  4865 | D:6      | Gained mutation: One of your tentacles bears a spike. [potion of mutation]
  4865 | D:6      | Gained mutation: You tend to lose your temper in combat. [potion of mutation]
  4865 | D:6      | Gained mutation: You expend magic power (3 MP) to strengthen your wands. [potion of mutation]
  5176 | D:7      | Found a staircase to the Ecumenical Temple.
  5210 | D:7      | Reached XP level 9. HP: 28/64 MP: 12/12
  5668 | D:7      | Found a white marble altar of Elyvilon.
  5823 | D:7      | Found a basalt altar of Yredelemnul.
  5897 | D:7      | Reached *** piety under Pakellas
  5897 | D:7      | Received a gift from Pakellas
  6095 | D:8      | Reached skill level 1 in Throwing
  6131 | D:8      | Found a sacrificial altar of Ru.
  6299 | D:8      | Reached skill level 5 in Evocations
  6991 | D:8      | Reached skill level 1 in Stealth
  7628 | D:8      | Noticed a three-headed hydra
  7632 | D:8      | Killed a three-headed hydra
  7632 | D:8      | Reached XP level 10. HP: 9/73 MP: 14/14
  7857 | D:8      | Found a shadowy altar of Dithmenos.
  7916 | D:9      | Noticed Psyche
  7926 | D:9      | Killed Psyche
  7929 | D:9      | Gained mutation: You can translocate small distances at will. [potion of beneficial mutation]
  7995 | D:9      | Found an opulent altar of Gozag.
  8074 | D:9      | Noticed an angel
  8075 | D:9      | Found a shimmering altar of Xom.
  8076 | D:9      | Found a glowing silver altar of Zin.
  8089 | D:9      | Slain by a wyvern zombie

Skill      XL: |  1  2  3  4  5  6  7  8  9 10 |
---------------+-------------------------------+-----
Long Blades    | 3 4 5 6 7 9 |  9.1
Fighting       | 4 5 6 7 8 9 |  9.0
Evocations     | 1 2 3 4 5 6 |  6.1
Shields        | 4 |  4.8
Throwing       | 1 2 |  2.1
Stealth        | 3 4 |  4.1
Dodging        | |  3.0

Action                   |  1- 3 |  4- 6 |  7- 9 | 10-12 || total
-------------------------+-------+-------+-------+-------++-------
Melee: Long sword        |    70 |    70 |    28 |       ||   168
       Constrict         |    22 |    18 |    45 |     2 ||    87
       Tentacles         |     7 |    19 |    52 |     5 ||    83
       Scimitar          |       |       |   206 |    22 ||   228
       Kick              |       |       |    45 |     7 ||    52
Throw: Stone             |       |       |    27 |       ||    27
       Javelin           |       |       |     3 |       ||     3
       Tomahawk          |       |       |       |     2 ||     2
Evoke: Wand              |       |       |     2 |       ||     2
       Phantom mirror    |       |       |     1 |       ||     1
  Use: Potion            |     1 |     1 |     7 |     3 ||    12
       Scroll            |       |       |    13 |       ||    13
 Stab: Sleeping          |     5 |     6 |    11 |     1 ||    23
       Paralysed         |       |       |     5 |       ||     5
  Eat: Chunk             |     1 |     5 |    15 |     2 ||    23
Armor: Skin              |     8 |     2 |     6 |       ||    16
Dodge: Dodged            |    23 |    14 |    77 |     6 ||   120
Block: Shield            |    18 |    26 |    86 |    15 ||   145
